 Dungeon Sprint DCSS version 0.21-a0-351-g38363bb (webtiles) character file.

70 Kidiri the Skirmisher (level 4, -2/44 HPs)
             Began as a Draconian Gladiator on Oct 9, 2017.
             Was a Believer of Trog.
             Slain by a merfolk
             ... wielding a +0 trident
              (14 damage)
             ... in the Dungeon (Sprint V: "Ziggurat Sprint").
             The game lasted 00:01:30 (166 turns).

Kidiri the Skirmisher (Draconian Gladiator)          Turns: 166, Time: 00:01:31

Health: -2/44      AC:  5    Str: 30    XL:     4   Next: 4%
Magic:  4/4        EV: 14    Int:  8    God:    Trog [**....]
Gold:   0          SH:  0    Dex: 12    Spells: 3/3 levels left

rFire    . . .     SeeInvis .   a - +10 dark maul {crush}
rCold    . . .     Gourm    .   (shield currently unavailable)
rNeg     . . .     Faith    .   (armour unavailable)
rPois    .         Spirit   .   b - +0 hat
rElec    .         Reflect  .   (no cloak)
rCorr    .         Harm     .   (no gloves)
MR       .....     NoTele   +   (no boots)
Stlth    +.........             (no amulet)
HPRegen  0.14/turn              o - +6 ring of strength
MPRegen  0.09/turn              p - +6 ring of strength

@: berserk cooldown, slowed, very slow
A: unfitting armour, cold-blooded, AC +5
a: Berserk, Trog's Hand, Burn Spellbooks, Renounce Religion


You were in the Dungeon.
You worshipped Trog.
Trog was pleased with you.
You were not hungry.

You visited 1 branch

Inventory:

Hand Weapons
 a - the +10 dark maul (weapon) {crush}
   (You found it in the Dungeon)

   It inflicts extra damage upon your enemies.
Missiles
 c - 3 throwing nets (quivered)
Armour
 b - a +0 hat (worn)
Jewellery
 o - a +6 ring of strength (left hand)
 p - a +6 ring of strength (right hand)
Wands
 q - a wand of disintegration (7/24)
 r - a wand of iceblast (5/15)
 s - a wand of lightning (5/15)
 t - a wand of acid (5/15)
Scrolls
 j - 4 scrolls of blinking
 y - 3 scrolls of recharging
 B - 7 scrolls of fog
 C - a scroll of holy word
 D - 5 scrolls of identify
 E - 5 scrolls of remove curse
 F - 2 scrolls of fear
Potions
 e - 10 potions of curing
 f - 10 potions of heal wounds
 g - 6 potions of haste
 h - 7 potions of magic
 i - 3 potions of berserk rage
 u - 2 potions of brilliance
 v - 2 potions of invisibility
 w - 4 potions of resistance
 z - 5 potions of agility
 A - 5 potions of might
Comestibles
 d - 5 bread rations
 k - 4 chunks of flesh
 G - 42 fruits
 H - 4 meat rations


   Skills:
 * Level 5.9 Fighting
 * Level 5.8 Maces & Flails
 + Level 3.6 Throwing
 * Level 5.3 Dodging


You had 3 spell levels left.
You didn't know any spells.

Dungeon Overview and Level Annotations

Branches:
Dungeon (1/1)

Altars:
Ashenzari
Cheibriados
Dithmenos
Elyvilon
Fedhas
Gozag
Hepliaklqana
Kikubaaqudgha
Makhleb
Nemelex Xobeh
Okawaru
Qazlal
Ru
Sif Muna
Trog
Uskayaw
Vehumet
Wu Jian
Xom
Yredelemnul
Zin
The Shining One
Beogh
Jiyva
Lugonu

Annotations:
D 1 transporter


Innate Abilities, Weirdness & Mutations

Your plain brown scales are hard. (AC +5)
You cannot fit into any form of body armour.
You are cold-blooded and may be slowed by cold attacks.


Message History

The merfolk hits you but does no damage.
The merfolk hits you from afar with a trident!
The merfolk hits you from afar with a trident!!
Unknown command.
You struggle against the net.
You feel a strong urge to attack something.
The merfolk hits you but does no damage.
The merfolk completely misses you.
You struggle against the net.
The merfolk hits you from afar with a trident.
* * * LOW HITPOINT WARNING * * *
Unknown command.
You shred the net and break free!
You feel your anger subside.
You are no longer berserk.
Trog's vigour flows through your veins.
You are exhausted.
You feel yourself slow down. The merfolk closely misses you.
The merfolk barely misses you.
The merfolk hits you from afar with a trident!
You die...

▓▓▓▓▓▓▓▓▓▓▓▓▓▓▓▓▓▓▓
▓.8©8.▓.8©8.▓.8©8.▓
▓."=..▓..=}.▓.....▓
▓..m..▓.....▓.).).▓
▓.mmm.▓.....▓..)..▓
▓.....▓.....▓.....▓
▓..@..▓.....▓..©..▓
▓..©..▓..©..▓▓▓▓▓▓▓
▓▓▓▓▓▓▓▓▓▓▓▓▓


You could see 4 merfolk.

Vanquished Creatures
  An orc priest (D)
  An orc wizard (D)
  An adder zombie (D)
  A leopard gecko skeleton (D)
  A quokka skeleton (D)
5 creatures vanquished.

Vanquished Creatures (others)
  2 spatial maelstroms (D)
2 creatures vanquished.

Grand Total: 7 creatures vanquished

Notes
Turn   | Place    | Note
-------+----------+-------------------------------------------
     0 | D        | Found the +6 Majin-Bo {vamp, Archmagi MP+6 Int+6}
     0 | D        | Found the +7 great mace "Firestarter" {inner flame, rF++}
     0 | D        | Kidiri the Draconian Gladiator began the quest for the Orb.
     0 | D        | Reached XP level 1. HP: 17/17 MP: 1/1
     1 | D        | Found a bloodstained altar of Trog.
     1 | D        | Found a deep blue altar of Sif Muna.
     1 | D        | Found a sacrificial altar of Ru.
     1 | D        | Found a stormy altar of Qazlal.
     1 | D        | Found an iron altar of Okawaru.
     5 | D        | Banished a spatial maelstrom
     9 | D        | Banished a spatial maelstrom
    10 | D        | Became a worshipper of Trog the Wrathful
    19 | D        | Found a sparkling altar of Nemelex Xobeh.
    20 | D        | Found an ancient bone altar of Kikubaaqudgha.
    20 | D        | Found a transporter.
    20 | D        | Found a corrupted altar of Lugonu.
    20 | D        | Found a viscous altar of Jiyva.
    20 | D        | Found a burning altar of Makhleb.
    20 | D        | Found a hazy altar of Hepliaklqana.
    20 | D        | Found an opulent altar of Gozag.
    31 | D        | Found the +6 shillelagh "Devastator" {shatter}
    31 | D        | Found the +11 plutonium sword {*Contam Stlth-}
    31 | D        | Found the +8 lance "Wyrmbane" {slay drac, rPois rF+ rC+ AC+3}
    31 | D        | Found the +9 sword of Zonguldrok {reap}
    31 | D        | Found the cursed +13 scythe of Curses {drain, *Curse}
    31 | D        | Found the +0 sword of Power
    31 | D        | Found the +11 mace of Variability {chaos}
    31 | D        | Found the +7 Singing Sword
    31 | D        | Found the +7 longbow "Piercer" {penet, EV-2}
    32 | D        | Found the +9 heavy crossbow "Sniper" {velocity, Acc+∞ SInv}
    32 | D        | Found the +10 dark maul {crush}
    32 | D        | Found the +15 Maxwell's patent armour {-Cast -Tele rElec MR+ rCorr}
    32 | D        | Found the +18 shield of the Gong {rElec rN+ MR+ EV-5}
    32 | D        | Found the cursed +14 obsidian axe {chop, +Fly SInv *Curse}
    47 | D        | Found a blossoming altar of Fedhas.
    77 | D        | Reached XP level 2. HP: 28/28 MP: 2/2
    85 | D        | Entered arena 2.
    85 | D        | Found a transporter.
    86 | D        | Found the +7 sceptre of Torment
    87 | D        | Reached skill level 5 in Fighting
    87 | D        | Reached skill level 5 in Maces & Flails
    87 | D        | Reached XP level 3. HP: 36/36 MP: 3/3
    88 | D        | Reached * piety under Trog
    88 | D        | Reached skill level 5 in Dodging
   143 | D        | Entered arena 3.
   143 | D        | Found a transporter.
   144 | D        | Reached ** piety under Trog
   147 | D        | Reached XP level 4. HP: 44/44 MP: 4/4
   160 | D        | Entered arena 4.
   160 | D        | Noticed a merfolk
   160 | D        | Noticed a merfolk
   160 | D        | Noticed a merfolk
   160 | D        | Noticed a merfolk
   160 | D        | Found a transporter.
   166 | D        | Slain by a merfolk

Vault maps used:
D:        sprint_v

Skill      XL: |  1  2  3 |
---------------+----------+-----
Fighting       | 4 5 |  5.9
Maces & Flails | 4 5 |  5.8
Throwing       | 3 |  3.6
Dodging        | 4 5 |  5.3

Action                   |  1- 3 |  4- 6 || total
-------------------------+-------+-------++-------
Melee: Maul              |     4 |     1 ||     5
       Tailslap          |     2 |     1 ||     3
Invok: Burn Spellbooks   |     1 |       ||     1
       Berserk           |       |     1 ||     1
  Use: Potion            |     1 |       ||     1
Armor: Skin              |     3 |     1 ||     4
Dodge: Dodged            |     3 |     6 ||     9

Table legend:
 A = Spawn XP
 B = Non-spawn XP
 C = Spawn XP percentage of total XP
 D = Spawn monster count
 E = Non-spawn monster count
 F = Spawn count percentage of total count
 G = Total turns spent on level
                    A         B        C        D         E        F      G
               +---------+---------+-------+---------+---------+-------+---------
         Total |       0 |      89 |   0.0 |       0 |       5 |   0.0 |   166
               +---------+---------+-------+---------+---------+-------+---------
             D |       0 |      89 |   0.0 |       0 |       5 |   0.0 |   166
               +---------+---------+-------+---------+---------+-------+---------
